 Dungeon Crawl Stone Soup version 0.29-a0-187-ga23d9638d5 (webtiles) character file.

Game seed: 8633679451510809999

417 Crownlay the Chiller (level 6, -1/44 HPs)
             Began as a Gnoll Ice Elementalist on Feb 21, 2022.
             Shot with an arrow by a centaur (11 damage)
             ... on level 5 of the Dungeon.
             The game lasted 00:07:36 (4405 turns).

Crownlay the Chiller (Gnoll Ice Elementalist)       Turns: 4405, Time: 00:07:37

Health: -1/44      AC:  5    Str:  8    XL:     6   Next: 93%
Magic:  9/14       EV: 13    Int: 16    God:
Gold:   95         SH:  0    Dex: 12    Spells: 8/15 levels left

rFire   x . .      SeeInvis .   q - +0 hunting sling
rCold   + . .      Faith    .   (no shield)
rNeg    + . .      Spirit   .   a - +0 robe
rPois   .          Reflect  .   (no helmet)
rElec   .          Harm     .   u - +0 cloak
rCorr   .          Rampage  .   j - +1 pair of gloves {hurl}
Will    .....                   (no boots)
Stlth   +++.......              (no amulet)
HPRegen 0.14/turn               o - ring of positive energy
MPRegen 0.14/turn               z - ring of ice

@: no status effects
A: fangs 1, strong nose, distributed training
a: no special abilities


You were on level 5 of the Dungeon.
You visited 1 branch of the dungeon, and saw 5 of its levels.

You collected 95 gold pieces.

Inventory:

Hand Weapons
 q - a +0 hunting sling (weapon)
 A - a +4 flail of protection
Missiles
 r - 54 stones
Armour
 a - a +0 robe (worn)
 j - a +1 pair of gloves of hurling (worn)
 u - a +0 cloak (worn)
Magical Staves
 B - a staff of conjuration
Jewellery
 o - a ring of positive energy (left hand)
 z - a ring of ice (right hand)
Scrolls
 c - 2 scrolls of blinking
 d - 2 scrolls of holy word {unknown}
 e - a scroll of identify
 f - 2 scrolls of enchant weapon {unknown}
 l - 2 scrolls of enchant armour
 p - a scroll of vulnerability {unknown}
 s - a scroll of fog {unknown}
 x - 2 scrolls of immolation {unknown}
 y - a scroll of teleportation {unknown}
Potions
 b - 2 potions of haste
 g - 2 potions of ambrosia
 h - 2 potions of brilliance
 i - a potion of resistance {unknown}
 k - a potion of cancellation {unknown}
 m - a potion of attraction {unknown}
 n - 2 potions of curing {unknown}
 t - a potion of magic {unknown}
 v - 2 potions of heal wounds
 w - a potion of lignification {unknown}


   Skills:
 + Level 2.1 Fighting
 + Level 2.1 Short Blades
 + Level 2.1 Long Blades
 + Level 2.1 Axes
 + Level 2.1 Maces & Flails
 + Level 2.1 Polearms
 + Level 2.1 Staves
 + Level 2.1 Slings
 + Level 2.1 Bows
 + Level 2.1 Crossbows
 + Level 2.1 Throwing
 + Level 2.1 Armour
 + Level 5.1 Dodging
 + Level 4.7 Stealth
 + Level 2.1 Shields
 + Level 2.1 Unarmed Combat
 + Level 5.4 Spellcasting
 + Level 1.7 Conjurations
 + Level 1.7 Hexes
 + Level 1.7 Summonings
 + Level 1.7 Necromancy
 + Level 1.7 Translocations
 + Level 1.7 Transmutations
 + Level 1.7 Fire Magic
 + Level 7.3 Ice Magic
 + Level 1.7 Air Magic
 + Level 1.7 Earth Magic
 + Level 1.7 Poison Magic
 + Level 2.4 Invocations
 + Level 2.1 Evocations


You had 8 spell levels left.
You knew the following spells:

 Your Spells              Type           Power      Damage    Failure   Level
a - Freeze                Ice            100%       1d11      1%          1
b - Frozen Ramparts       Ice            82%        1d10      2%          3
c - Ozocubu's Armour      Ice            41%        N/A       2%          3

Your spell library contained the following spells:

 Spells                   Type           Power      Damage    Failure   Level
 Ignite Poison            Fire/Tmut/Pois 9%         N/A       22%         3
 Mephitic Cloud           Conj/Pois/Air  9%         N/A       22%         3
 Summon Guardian Golem    Hex/Summ       9%         N/A       22%         3
 Hailstorm                Conj/Ice       28%        3d8       22%         4
 Freezing Cloud           Conj/Ice/Air   11%        6-21      67%         5
 Orb of Destruction       Conj           4%         9d5       100%        7
 Spellforged Servitor     Conj/Summ      4%         N/A       100%        7


Dungeon Overview and Level Annotations

Branches:
Dungeon (5/15)
 Temple: D:4-7

Altars:

Shops:
D:4 =


Innate Abilities, Weirdness & Mutations

You have very sharp teeth.
Your uncanny sense of smell can sniff out nearby items.
Your experience applies equally to all skills.


Message History

The sling bullet hits the centaur but does no damage.
The centaur shoots an arrow.
The arrow hits you but does no damage.
Casting: Ozocubu's Armour (dangerous; 2% risk of failure)
Confirm with . or Enter, or press ? or * to list all spells.
Casting: Frozen Ramparts (dangerous; 2% risk of failure)
Press: ? - help, Dir - look around, f - activate You feel a surge of power!
The walls around you are covered in ice.
The centaur shoots an arrow.
The arrow hits you.
You shoot a sling bullet.
The sling bullet hits the centaur but does no damage.
The centaur shoots an arrow.
The arrow hits you but does no damage.
The centaur shoots an arrow.
The arrow closely misses you.
You shoot a sling bullet. The sling bullet hits the centaur.
The centaur is lightly wounded.
The centaur shoots an arrow.
The arrow hits you but does no damage.
The centaur shoots an arrow.
The arrow hits you!
You shoot a sling bullet. The sling bullet hits the centaur.
The centaur is lightly wounded.
The centaur shoots an arrow.
The arrow misses you.
The centaur shoots an arrow.
The arrow closely misses you.
You shoot a sling bullet.
The sling bullet hits the centaur but does no damage.
The centaur is lightly wounded.
The centaur shoots an arrow.
The arrow hits you.
The centaur shoots an arrow.
The arrow hits you but does no damage.
You shoot a sling bullet. The sling bullet hits the centaur.
The centaur is heavily wounded.
The centaur shoots an arrow.
The arrow hits you.
The centaur shoots an arrow.
The arrow hits you but does no damage.
You are too injured to fight recklessly!
You are too injured to fight recklessly!
You are too injured to fight recklessly!
Your icy armour and frozen ramparts will break if you move.
Continue?
Your icy armour cracks and falls away as you move.
The frozen ramparts melt away as you move.
The centaur shoots an arrow.
The arrow hits you!
* * * LOW HITPOINT WARNING * * *
The centaur shoots an arrow.
The arrow hits you!
You die...

##.#########....#.#.###
..........#....#.#....
......##.#....#.###..
...#.##.#....#...'..
##..#.##.#....'...#..
.).#.##.#....###.#..
#)#.##.#....# #.###
#........#### #.#
##@###.#.....##.#
#..##.#.....##.#
##c##.#.....##.#
....#.....+ ..###.....#
#.# #.....# .. #.#+###
#..


You could see a centaur.

Vanquished Creatures
  Edmund (D:4)
  A phantom (D:5)
  A jelly (D:5)
  Jessica (D:3)
  An iguana (D:4)
  A howler monkey zombie (D:5)
  3 gnolls (D:5)
  3 adders
  An ufetubus (D:4)
  A dart slug (D:1)
  3 bats
  2 endoplasms
  5 giant cockroaches
  7 goblins
  8 hobgoblins
  5 jackals
  3 quokkas (D:4)
  6 ball pythons
  4 frilled lizards
  3 kobolds
  4 rats
64 creatures vanquished.

Vanquished Creatures (others)
  A gnoll (D:5)
  A goblin (D:1)
  3 plants (D:1)
  A withered plant (D:1)
6 creatures vanquished.

Grand Total: 70 creatures vanquished

Notes
Turn   | Place    | Note
-------+----------+-------------------------------------------
     0 | D:1      | Crownlay the Gnoll Ice Elementalist began the quest for the
                  | Orb.
     0 | D:1      | Reached XP level 1. HP: 13/13 MP: 6/6
     6 | D:1      | Noticed a rime drake
     6 | D:1      | Noticed an iguana
     7 | D:1      | Noticed a water moccasin
     7 | D:1      | Noticed a hog
   126 | D:1      | Reached XP level 2. HP: 4/19 MP: 0/7
   737 | D:1      | Reached XP level 3. HP: 9/25 MP: 6/9
   970 | D:1      | Reached skill level 5 in Spellcasting
  1050 | D:1      | Learned a level 3 spell: Frozen Ramparts
  1054 | D:1      | Learned a level 3 spell: Ozocubu's Armour
  1103 | D:1      | Found a faded altar of an unknown god.
  1297 | D:2      | Reached skill level 1 in Invocations
  1408 | D:2      | Reached skill level 1 in Fighting
  1408 | D:2      | Reached skill level 1 in Short Blades
  1408 | D:2      | Reached skill level 1 in Long Blades
  1408 | D:2      | Reached skill level 1 in Axes
  1408 | D:2      | Reached skill level 1 in Maces & Flails
  1408 | D:2      | Reached skill level 1 in Polearms
  1408 | D:2      | Reached skill level 1 in Staves
  1408 | D:2      | Reached skill level 1 in Slings
  1408 | D:2      | Reached skill level 1 in Bows
  1408 | D:2      | Reached skill level 1 in Crossbows
  1408 | D:2      | Reached skill level 1 in Throwing
  1408 | D:2      | Reached skill level 1 in Armour
  1408 | D:2      | Reached skill level 1 in Shields
  1408 | D:2      | Reached skill level 1 in Unarmed Combat
  1408 | D:2      | Reached skill level 1 in Evocations
  1487 | D:2      | Reached XP level 4. HP: 28/32 MP: 6/11
  2172 | D:3      | Noticed Jessica
  2178 | D:3      | Killed Jessica
  2179 | D:3      | Reached skill level 1 in Conjurations
  2179 | D:3      | Reached skill level 1 in Hexes
  2179 | D:3      | Reached skill level 1 in Summonings
  2179 | D:3      | Reached skill level 1 in Necromancy
  2179 | D:3      | Reached skill level 1 in Translocations
  2179 | D:3      | Reached skill level 1 in Transmutations
  2179 | D:3      | Reached skill level 1 in Fire Magic
  2179 | D:3      | Reached skill level 1 in Air Magic
  2179 | D:3      | Reached skill level 1 in Earth Magic
  2179 | D:3      | Reached skill level 1 in Poison Magic
  2970 | D:4      | Noticed Edmund
  2978 | D:4      | Killed Edmund
  2979 | D:4      | Reached XP level 5. HP: 16/38 MP: 6/12
  3255 | D:4      | Reached XP level 6. HP: 31/44 MP: 6/13
  3532 | D:4      | Found Huutegulie's Jewellery Shop.
  4056 | D:5      | Entered Level 5 of the Dungeon
  4108 | D:5      | Reached skill level 5 in Dodging
  4405 | D:5      | Shot with an arrow by a centaur

Illustrated notes

Levels and vault maps discovered:
D:1:      onia_arrival_zoo_common, layout_rooms,
          shapermc_ecumenical_altar_flowoftime
D:2:      layout_loops_ring
D:3:      minmay_door_path, layout_loops_cross, chequers_big_river,
          kennysheep_generic_room_3, uniq_jessica
D:4:      layout_gridville, serial_shops, nicolae_diamond_shop, uniq_edmund
D:5:      layout_basic, temple_hall

Skill      XL: |  1  2  3  4  5  6 |
---------------+-------------------+-----
Spellcasting   | 5 |  5.4
Invocations    | 1 2 |  2.4
Fighting       | 1 2 |  2.1
Short Blades   | 1 2 |  2.1
Long Blades    | 1 2 |  2.1
Axes           | 1 2 |  2.1
Maces & Flails | 1 2 |  2.1
Polearms       | 1 2 |  2.1
Staves         | 1 2 |  2.1
Slings         | 1 2 |  2.1
Bows           | 1 2 |  2.1
Crossbows      | 1 2 |  2.1
Throwing       | 1 2 |  2.1
Armour         | 1 2 |  2.1
Shields        | 1 2 |  2.1
Unarmed Combat | 1 2 |  2.1
Evocations     | 1 2 |  2.1
Conjurations   | 1 |  1.7
Hexes          | 1 |  1.7
Summonings     | 1 |  1.7
Necromancy     | 1 |  1.7
Translocations | 1 |  1.7
Transmutations | 1 |  1.7
Fire Magic     | 1 |  1.7
Air Magic      | 1 |  1.7
Earth Magic    | 1 |  1.7
Poison Magic   | 1 |  1.7
Dodging        | 5 |  5.1
Stealth        | |  4.7
Ice Magic      | |  7.3

Action                   |  1- 3 |  4- 6 || total
-------------------------+-------+-------++-------
Melee: Unarmed           |     7 |       ||     7
       Flail             |    19 |    46 ||    65
       Bite              |     2 |     5 ||     7
       Punch             |       |     2 ||     2
 Fire: Hunting sling     |       |    78 ||    78
 Cast: Freeze            |    45 |     4 ||    49
       Frozen Ramparts   |       |     7 ||     7
       Ozocubu's Armour  |       |     5 ||     5
  Use: Scroll            |       |     6 ||     6
 Stab: Sleeping          |       |     2 ||     2
Armor: Robe              |    20 |    27 ||    47
Dodge: Dodged            |    59 |    80 ||   139

Table legend: (Time is in decaauts)
 A = Elapsed time spent in this place.
 B = Non-inter-level travel time spent in this place.
 C = Inter-level travel time spent in this place.
 D = Time resting spent in this place.
 E = Time spent auto-exploring this place.
 F = Levels seen in this place.
 G = Mean time per level.
                   A        B        C        D        E       F      G
               +--------+--------+--------+--------+--------+-----+--------+
         Total |   4452 |   4192 |    260 |      0 |   3444 |   5 |  890.4 |
       Dungeon |   4452 |   4192 |    260 |      0 |   3444 |   5 |  890.4 |
               +--------+--------+--------+--------+--------+-----+--------+

Top non-repeatable levels by time:
     D:1: 1314 daAuts
     D:4: 1153 daAuts
     D:3: 896 daAuts
     D:2: 727 daAuts
     D:5: 360 daAuts
